 Dungeon Crawl Stone Soup version 0.31-a0-358-gac0dbeb3ab (webtiles) character file.

Game seed: 2185805139116620608

51 Locuples the Trooper (level 3, -2/35 HPs)
             Began as a Minotaur Berserker on July 25, 2023.
             Was a Believer of Trog.
             Slain by a gnoll
             ... wielding a +0 spear
              (5 damage)
             ... on level 2 of the Dungeon.
             The game lasted 00:02:07 (878 turns).

Locuples the Trooper (Minotaur Berserker)            Turns: 878, Time: 00:02:07

Health: -2/35      AC: 11    Str: 23    XL:     3   Next: 58%
Magic:  2/2        EV:  7    Int:  4    God:    Trog [**....]
Gold:   58         SH:  0    Dex:  9    Spells: 2/2 levels left

rFire   . . .        b - +0 war axe
rCold   . . .        (no shield)
rNeg    . . .        h - +0 plate armour
rPois   .            (helmet restricted)
rElec   .            (no cloak)
rCorr   .            (no gloves)
SInv    .            (no boots)
Will    .....        (no amulet) Stlth
                     (no ring)
HPRegen 0.25/turn    (no ring)
MPRegen 0.08/turn

%: no passive effects
@: on berserk cooldown, slowed, very slow
A: horns 2, retaliatory headbutt
a: Renounce Religion, Berserk, Trog's Hand


You were on level 2 of the Dungeon.
You worshipped Trog.
Trog was pleased with you.
You visited 1 branch of the dungeon, and saw 2 of its levels.

You collected 58 gold pieces.

Inventory:

Hand Weapons
 b - a +0 war axe (weapon)
Armour
 h - a +0 plate armour (worn)
Jewellery
 g - a ring of magical power
Scrolls
 c - a scroll of blinking {unknown}
Potions
 a - a potion of lignification {unknown}
 d - a potion of might {unknown}
 e - 2 potions of mutation {unknown}
 f - 2 potions of curing {unknown}


   Skills:
 * Level 4.9 Fighting
 + Level 4.3 Axes
 + Level 2.7 Armour
 - Level 2.1 Dodging


You had 2 spell levels left.
You didn't know any spells.
Your spell library was empty.

Dungeon Overview and Level Annotations

Branches:
Dungeon (2/15)

Altars:
Hepliaklqana


Innate Abilities, Weirdness & Mutations

You have a pair of horns on your head.
You reflexively headbutt those who attack you in melee.


Message History

You slash the worm! The gnoll barely misses you.
The gnoll throws a throwing net.
The throwing net hits you.
You become entangled in the net!
You struggle against the net.
The worm bites you but does no damage.
The gnoll hits you but does no damage. x3
A hobgoblin comes into view. It is wielding a +0 spear.
You struggle against the net.
You feel a strong urge to attack something.
You struggle against the net.
The gnoll hits you but does no damage. x2
The gnoll completely misses you. The worm bites you.
* * * LOW HITPOINT WARNING * * *
You rip the net and break free!
You feel your anger nearly subside.
You are no longer berserk.
You are exhausted.
You feel yourself slow down. The gnoll hits you but does no damage.
The rat bites you but does no damage. The gnoll hits you but does no damage.
The gnoll hits you with a +0 hand axe.
* * * LOW HITPOINT WARNING * * *
You hit the worm but do no damage.
The worm is severely wounded.
You hit the gnoll. You hit the rat.
The gnoll hits you from afar with a +0 spear.
* * * LOW HITPOINT WARNING * * *
The rat barely misses you.
The gnoll hits you but does no damage. x2
The worm completely misses you.
The gnoll hits you from afar with a +0 spear.
* * * LOW HITPOINT WARNING * * *
The gnoll hits you but does no damage. The gnoll closely misses you.
The rat bites you but does no damage.
You hit the worm but do no damage.
The worm is severely wounded.
You closely miss the goblin. You closely miss the gnoll. You slash the rat!
You kill the rat!
Trog accepts your kill.
The gnoll hits you from afar with a +0 spear.
* * * LOW HITPOINT WARNING * * *
The goblin hits you but does no damage. The gnoll hits you with a +0 hand axe.
* * * LOW HITPOINT WARNING * * *
The gnoll hits you from afar with a +0 spear.
You die...

......###..##.##.##.#
##### #......##.##.#
##..#####.##..
#........####
#####.########
#.......## #
#........####
#...####...........#
.....gg@........##.#
....>g†wg....)..# .
..[..g..........#
#...#####.......# #..
#.......# #.
####.#### # ..
####.#### ####...#
.##.......#
#.......#.##.##.##.#


You could see a worm, 3 gnolls, a hobgoblin and a goblin.

Vanquished Creatures
  A gnoll (D:2)
  2 dart slugs (D:1)
  2 endoplasms (D:2)
  A giant cockroach (D:2)
  2 goblins (D:1)
  5 hobgoblins
  3 quokkas
  4 ball pythons (D:1)
  4 bats (D:1)
  2 frilled lizards
  9 kobolds
  3 rats
38 creatures vanquished.

Notes
Turn   | Place    | Note
-------+----------+-------------------------------------------
     0 | D:1      | Locuples the Minotaur Berserker began the quest for the
                  | Orb.
     0 | D:1      | Reached XP level 1. HP: 19/19 MP: 0/0
   197 | D:1      | Reached XP level 2. HP: 27/27 MP: 1/1
   444 | D:1      | Reached XP level 3. HP: 34/34 MP: 2/2
   701 | D:2      | Reached ** piety under Trog
   702 | D:2      | Found a hazy altar of Hepliaklqana.
   878 | D:2      | Slain by a gnoll

Illustrated notes

Levels and vault maps discovered:
D:1:      minmay_arrival_nine_rooms, layout_rooms, minmay_misc_feat_more_columns
D:2:      layout_loops_cross, basic_altar, minmay_fountain_box

Skill      XL: |  1  2 |
---------------+-------+-----
Fighting       | 4 |  4.9
Axes           | 4 |  4.3
Armour         | |  2.7
Dodging        | |  2.1

Action                     || total
---------------------------++-------
  Melee: Hand axe          ||    46
         Headbutt          ||     6
         War axe           ||    21
 Invoke: Berserk           ||     1
 Armour: Animal skin       ||     9
         Leather armour    ||     5
         Plate armour      ||    23
  Dodge: Dodged            ||    71

Table legend: (Time is in decaauts)
 A = Elapsed time spent in this place.
 B = Non-inter-level travel time spent in this place.
 C = Inter-level travel time spent in this place.
 D = Time resting spent in this place.
 E = Time spent auto-exploring this place.
 F = Levels seen in this place.
 G = Mean time per level.
                   A        B        C        D        E       F      G
               +--------+--------+--------+--------+--------+-----+--------+
         Total |    886 |    863 |     23 |     70 |    552 |   2 |  443.0 |
       Dungeon |    886 |    863 |     23 |     70 |    552 |   2 |  443.0 |
               +--------+--------+--------+--------+--------+-----+--------+

Top non-repeatable levels by time:
     D:1: 679 daAuts
     D:2: 206 daAuts
